 Dungeon Crawl Stone Soup version 0.30-a0-883-g5ad918d77d (webtiles) character file.

Game seed: 7827487820233761477

536 warriortoast the Trooper (level 7, 0/60 HPs)
             Began as a Barachi Fighter on Feb 3, 2023.
             Slain by a gnoll
             ... wielding a +0 spear
              (1 damage)
             ... on level 5 of the Dungeon on Mar 15, 2023.
             The game lasted 00:08:49 (4055 turns).

warriortoast the Trooper (Barachi Fighter)          Turns: 4055, Time: 00:08:49

Health: 0/60       AC:  8    Str: 19    XL:     7   Next: 25%
Magic:  7/7        EV:  9    Int:  9    God:
Gold:   212        SH:  4    Dex: 11    Spells: 6/6 levels left

rFire   . . .      SeeInvis .    a - +0 war axe
rCold   . . .      Faith    .    c - +0 buckler
rNeg    . . .      Spirit   .    b - +0 scale mail
rPois   .          Reflect  .    (no helmet)
rElec   .          Rampage  .    (no cloak)
rCorr   .                        t - +0 pair of gloves
Will    .....                    (no boots) Stlth
                                 (no amulet)
HPRegen 0.30/turn                (no ring)
MPRegen 0.10/turn                (no ring)

@: unable to hop, slow
A: amphibious, slowness 1, strong legs 1, +LOS
a: Hop


You were on level 5 of the Dungeon.
You visited 1 branch of the dungeon, and saw 5 of its levels.

You collected 212 gold pieces.

Inventory:

Hand Weapons
 a - a +0 war axe (weapon)
Missiles
 s - a throwing net
 x - 8 poisoned darts
 z - an atropa-tipped dart (quivered)
Armour
 b - a +0 scale mail (worn)
 c - a +0 buckler (worn)
 t - a +0 pair of gloves (worn)
Jewellery
 e - a ring of protection from cold
Scrolls
 h - 3 scrolls of enchant armour {unknown}
 i - a scroll of torment {unknown}
 k - a scroll of magic mapping
 m - a scroll of noise {unknown}
 n - a scroll of summoning {unknown}
 q - a scroll of identify {unknown}
 r - a scroll of acquirement {unknown}
 y - a scroll of poison {unknown}
Potions
 d - 3 potions of invisibility {unknown}
 f - 2 potions of curing
 g - 2 potions of cancellation {unknown}
 j - a potion of brilliance {unknown}
 l - 2 potions of magic {unknown}
 o - a potion of mutation {unknown}
 p - a potion of attraction {unknown}
 u - a potion of lignification {unknown}
 v - a potion of resistance {unknown}
 w - 2 potions of haste {unknown}


   Skills:
 + Level 7.3 Fighting
 + Level 6.1 Axes
 - Level 3.6 Armour
 - Level 3.2 Shields


You had 6 spell levels left.
You didn't know any spells.
Your spell library contained the following spells:

 Spells                   Type           Power      Damage    Failure   Level
 Apportation              Tloc           0%         N/A       85%         1
 Necrotise                Necr           0%         1d4       85%         1
 Summon Small Mammal      Summ           0%         N/A       85%         1


Dungeon Overview and Level Annotations

Branches:
Dungeon (5/15)
 Temple: D:4-7

Altars:


Innate Abilities, Weirdness & Mutations

You are amphibious.
You cover ground slowly.
You can hop short distances.
You have an extended range of vision and can be seen from far away.


Message History

There is a stone staircase leading up here.
You slash the hound!
You kill the hound!
An orc wizard comes into view. It is wielding a +0 dagger.
The orc wizard shouts!
The orc attacks as you move away! The orc completely misses you.
An ogre comes into view. It is wielding a +0 giant spiked club.
The ogre shouts!
Okay, then.
As you read the scroll labelled NIJIUS OSYATZ, it crumbles to dust.
You feel aware of your surroundings.
You sensed 1 shop/portal.
It was a scroll of magic mapping.
The orc hits you but does no damage.
The orc wizard gestures at you while chanting.
The magic dart hits you. The ogre attacks as you move away!
The ogre hits you with a +0 giant spiked club!
The orc wizard mumbles some strange words.
The orc wizard flickers and vanishes!
Deactivating autopickup; reactivate with Ctrl-A. 2 gnolls and a hound come into view.
The gnoll shouts!
The hound barks!
A gnoll comes into view. It is wielding a +0 flail.
A gnoll comes into view. It is wielding a +0 whip.
The ogre hits you with a +0 giant spiked club!!
* * * LOW HITPOINT WARNING * * *
The gnoll shouts!
The hound closely misses you. The gnoll hits you but does no damage.
The hound bites you but does no damage. You block the gnoll's attack.
The gnoll hits you with a +0 flail.
* * * LOW HITPOINT WARNING * * *
The hound attacks as you move away! The hound barely misses you.
The ogre attacks as you move away! The ogre closely misses you.
The hound misses you. The gnoll hits you with a +0 spear.
* * * LOW HITPOINT WARNING * * *
The gnoll barely misses you.
You open the door. The hound closely misses you.
The gnoll hits you with a +0 whip.
* * * LOW HITPOINT WARNING * * *
The gnoll hits you but does no damage. The gnoll hits you with a +0 spear.
You die...

**,,,,,,,.......,**##............
*,,,,**,*#......,** #####...##...
,,,,,****#......,,*#######o.#*,,.
*,,,,,***,......,**#.#......##,,,
,,,,,,,****#....,*###........#,,,
,,,,,,,,*>,*#...*#.<#.{.#.#......
,,,,,,,,*.,,#...*...#o###........
,,,,,,,**#..#...#'.##.#*#........
,,,,,,,**###...g@###..##...##....
<,,,,,,,.......ggh..........#.#..
*,,,,,,*......♣.gO...............
*,,,,,,*.................#..#*...
*,,,,,,*####.....###.....#..#**,,
*,,,,*****,+#...#+,###.....,*,,,,
,,,*,****,,,#...*,,,*,#..##.,,*,*
,,,,,*,,*<,*#...**,>*,,..#*,.,***
,,*,,,,,***#....,******#..#,,,,,,


You could see an ogre, a hound and 4 gnolls.

Vanquished Creatures
  Sigmund (D:2)
  A kobold brigand (D:4)
  A scorpion (D:4)
  A hound (D:5)
  2 iguanas
  Terence (D:1)
  4 gnolls
  4 adders
  2 worms
  4 dart slugs
  An orc (D:3)
  An endoplasm (D:2)
  3 giant cockroaches
  2 goblins (D:1)
  11 hobgoblins
  2 jackals (D:4)
  5 quokkas
  3 ball pythons
  A bat (D:1)
  2 frilled lizards (D:3)
  6 kobolds
  3 rats
61 creatures vanquished.

Notes
Turn   | Place    | Note
-------+----------+-------------------------------------------
     0 | D:1      | warriortoast the Barachi Fighter began the quest for the
                  | Orb.
     0 | D:1      | Reached XP level 1. HP: 18/18 MP: 1/1
    25 | D:1      | Found a faded altar of an unknown god.
   276 | D:1      | Reached skill level 4 in Fighting
   276 | D:1      | Reached XP level 2. HP: 25/25 MP: 2/2
   905 | D:2      | Reached XP level 3. HP: 31/31 MP: 3/3
   961 | D:2      | Noticed Sigmund
   981 | D:2      | Killed Sigmund
   982 | D:2      | Reached skill level 5 in Fighting
   982 | D:2      | Reached XP level 4. HP: 16/40 MP: 4/4
   982 | D:2      | Reached XP level 5. HP: 18/46 MP: 5/5
  1112 | D:2      | Upgraded the game from 0.30-a0-738-g116ff8c4af to
                  | 0.30-a0-845-g7c6808c8ce
  1116 | D:2      | Noticed Terence
  1127 | D:2      | Reached skill level 6 in Fighting
  1180 | D:1      | Reached XP level 6. HP: 38/52 MP: 6/6
  1334 | D:1      | Killed Terence
  1335 | D:1      | Reached skill level 5 in Axes
  2395 | D:3      | Upgraded the game from 0.30-a0-845-g7c6808c8ce to
                  | 0.30-a0-883-g5ad918d77d
  3798 | D:4      | Reached skill level 7 in Fighting
  3798 | D:4      | Reached XP level 7. HP: 29/60 MP: 7/7
  4037 | D:5      | Entered Level 5 of the Dungeon
  4054 | D:5      | HP: 3/60 [gnoll/+0 spear (4)]
  4055 | D:5      | HP: 1/60 [gnoll/+0 whip (2)]
  4055 | D:5      | Slain by a gnoll

Illustrated notes

Levels and vault maps discovered:
D:1:      dpeg_arrival_arbitrary_c, layout_basic, basic_ecumenical_altar,
          nicolae_figureground_sparkle
D:2:      layout_basic, uniq_sigmund, uniq_terence
D:3:      layout_basic
D:4:      gammafunk_steamed_eel, layout_cave_pools,
          corexii_item_surrounded_by_moat
D:5:      layout_cave_pools, serial_shops, nicolae_square_shop,
          grunt_ministairs_6, st_stairs_6

Skill      XL: |  1  2  3  4  5  6  7 |
---------------+----------------------+-----
Fighting       | 4 5 6 7 |  7.3
Axes           | 3 4 5 6 |  6.1
Armour         | |  3.6
Shields        | |  3.2

Action                     |  1- 3 |  4- 6 |  7- 9 || total
---------------------------+-------+-------+-------++-------
  Melee: War axe           |    63 |   146 |    11 ||   220
  Throw: Dart              |       |     9 |     9 ||    18
Ability: Hop               |       |     1 |     1 ||     2
    Use: Potion            |     1 |     1 |       ||     2
         Scroll            |       |       |     1 ||     1
 Armour: Scale mail        |    21 |    61 |    17 ||    99
  Dodge: Dodged            |    29 |    70 |    27 ||   126
  Block: Buckler           |    14 |    34 |     6 ||    54

Table legend: (Time is in decaauts)
 A = Elapsed time spent in this place.
 B = Non-inter-level travel time spent in this place.
 C = Inter-level travel time spent in this place.
 D = Time resting spent in this place.
 E = Time spent auto-exploring this place.
 F = Levels seen in this place.
 G = Mean time per level.
                   A        B        C        D        E       F      G
               +--------+--------+--------+--------+--------+-----+--------+
         Total |   4578 |   4490 |     88 |   1345 |   2280 |   5 |  915.6 |
       Dungeon |   4578 |   4490 |     88 |   1345 |   2280 |   5 |  915.6 |
               +--------+--------+--------+--------+--------+-----+--------+

Top non-repeatable levels by time:
     D:1: 1503 daAuts
     D:2: 1176 daAuts
     D:3: 1142 daAuts
     D:4: 734 daAuts
     D:5: 21 daAuts
